 Dungeon Crawl Stone Soup version 0.29.1-13-g9f3cf754e1 (webtiles) character file.

Game seed: 13016874764093271246

47 billybob123456 the Trooper (level 3, -4/35 HPs)
             Began as a Gnoll Abyssal Knight on Feb 1, 2023.
             Was a Believer of Lugonu.
             Slain by an orc
             ... wielding a +0 hand axe
              (5 damage)
             ... on level 3 of the Dungeon on Feb 2, 2023.
             The game lasted 00:20:00 (669 turns).

billybob123456 the Trooper (Gnoll Abyssal Knight)    Turns: 669, Time: 00:20:01

Health: -4/35      AC:  3    Str: 14    XL:     3   Next: 70%
Magic:  6/6        EV: 12    Int:  9    God:    Lugonu [**....]
Gold:   37         SH:  0    Dex: 12    Spells: 4/4 levels left

rFire   . . .      SeeInvis .   e - +2 short sword (speed)
rCold   . . .      Faith    .   (no shield)
rNeg    . . .      Spirit   .   b - +0 leather armour
rPois   .          Reflect  .   (no helmet)
rElec   .          Harm     .   (no cloak)
rCorr   .          Rampage  .   (no gloves)
Will    .....                   (no boots)
Stlth   +.........              (no amulet)
HPRegen 0.11/turn               (no ring)
MPRegen 0.10/turn               (no ring)

@: no status effects
A: fangs 1, strong nose, distributed training
a: Renounce Religion, Depart the Abyss, Bend Space


You were on level 3 of the Dungeon.
You worshipped Lugonu.
Lugonu was pleased with you.
You visited 1 branch of the dungeon, and saw 3 of its levels.
You visited the Abyss 1 time.

You collected 37 gold pieces.

Inventory:

Hand Weapons
 a - a +1 falchion
 e - a +2 short sword of speed (weapon)
 j - the +5 long sword of the Dungeon {drain, rF++ Int-5 Dex+3}
   (You found it on level 3 of the Dungeon)

   A truly terrible weapon, it drains the life of any living foe it strikes.
   Int:       It affects your intelligence (-5).
   Dex:       It affects your dexterity (+3).
   rF:        It greatly protects you from fire.
Missiles
 i - 7 stones
Armour
 b - a +0 leather armour (worn)
 c - a +0 ring mail
 d - a +0 chain mail
Scrolls
 g - a scroll of amnesia {unknown}
Potions
 f - 3 potions of attraction
 h - a potion of heal wounds {unknown}


   Skills:
 + Level 6.5 Fighting
 + Level 1.0 Short Blades
 + Level 4.6 Long Blades
 + Level 1.0 Axes
 + Level 1.0 Maces & Flails
 + Level 1.0 Polearms
 + Level 1.0 Staves
 + Level 1.0 Ranged Weapons
 + Level 1.0 Throwing
 + Level 4.6 Armour
 + Level 2.6 Dodging
 + Level 1.0 Stealth
 + Level 1.0 Shields
 + Level 1.0 Unarmed Combat
 + Level 1.0 Spellcasting
 + Level 0.7 Conjurations
 + Level 0.7 Hexes
 + Level 0.7 Summonings
 + Level 0.7 Necromancy
 + Level 0.7 Translocations
 + Level 0.7 Transmutations
 + Level 0.7 Fire Magic
 + Level 0.7 Ice Magic
 + Level 0.7 Air Magic
 + Level 0.7 Earth Magic
 + Level 0.7 Poison Magic
 + Level 4.6 Invocations
 + Level 1.0 Evocations


You had 4 spell levels left.
You didn't know any spells.
Your spell library contained the following spells:

 Spells                   Type           Power      Damage    Failure   Level
 Foxfire                  Conj/Fire      4%         2x1d4     34%         1
 Slow                     Hex            4%         N/A       34%         1
 Confusing Touch          Hex            1%         N/A       71%         3
 Conjure Flame            Conj/Fire      1%         6-21      71%         3
 Ignite Poison            Fire/Tmut/Pois 1%         N/A       71%         3
 Inner Flame              Hex/Fire       1%         N/A       71%         3
 Mephitic Cloud           Conj/Pois/Air  1%         N/A       71%         3
 Vampiric Draining        Necr           1%         2d6       71%         3
 Flame Wave               Conj/Fire      1%         2d4       98%         4
 Freezing Cloud           Conj/Ice/Air   0%         6-21      100%        5


Dungeon Overview and Level Annotations

Branches:
Dungeon (3/15)

Altars:


Innate Abilities, Weirdness & Mutations

You have very sharp teeth.
Your uncanny sense of smell can sniff out nearby items.
Your experience applies equally to all skills.


Message History

The orc shouts! x2; You hear a shout!
An orc priest comes into view. It is wielding a +0 club.
An orc wizard and 2 orcs come into view.
Found a leather armour.
The orc wizard shouts!
The orc shouts! x2; You hear a shout!
You see here a +0 chain mail.
The orc shouts!
You hear a shout!
You hear an angry hiss.
The orc hits you with a +0 whip.
You barely miss the orc. The orc barely misses you.
The orc priest miscasts a cantrip.
You closely miss the orc.
The orc priest invokes the aid of Beogh against you.
Beogh smites you! The orc closely misses you.
The orc wizard casts a spell.
The orc wizard flickers and vanishes!
Deactivating autopickup; reactivate with Ctrl-A.
You hit the orc.
The orc is moderately wounded.
A kobold comes into view. It is wielding a +0 dagger.
The kobold shouts!
The goblin barely misses you.
Found 8 stones.
The kobold throws a stone.
The stone misses you.
A bat comes into view.
The kobold throws a stone.
The stone hits you but does no damage. The goblin attacks as you move away!
The goblin closely misses you.
Found 5 javelins, a ring mail and a scroll labelled VAOZIEFAKYT.
The kobold throws a stone.
The stone barely misses you.
The orc priest invokes the aid of Beogh against you.
Beogh smites you!
* * * LOW HITPOINT WARNING * * *
The orc hits you with a +0 hand axe.
* * * LOW HITPOINT WARNING * * *
There are monsters nearby!
There are monsters nearby!
There are monsters nearby!
You hit the goblin.
You kill the goblin!
Lugonu accepts your kill. The orc hits you with a +0 hand axe.
You die...

######### #.......#
#.......#
#####.....?.#
#......(....#
#...........#
#[..........#
........@###
.......o)oo## ###
.......Ko...#####..[
........o.........##
.(.(...>..o.........
....................
....................
............[.......
.....................


You could see an orc priest, 5 orcs and a kobold.

Vanquished Creatures
  Jessica (D:2)
  A worm (D:2)
  A dart slug (D:2)
  A bat (D:1)
  2 endoplasms (D:1)
  A hobgoblin (D:2)
  2 ball pythons (D:2)
  2 frilled lizards
  3 goblins
  3 kobolds
  A rat (D:2)
18 creatures vanquished.

Notes
Turn   | Place    | Note
-------+----------+-------------------------------------------
     0 | Abyss:1  | billybob123456 the Gnoll Abyssal Knight began the quest for
                  | the Orb.
     0 | Abyss:1  | Reached XP level 1. HP: 23/23 MP: 3/3
     1 | Abyss:1  | Found a corrupted altar of Lugonu.
     9 | D:1      | Escaped the Abyss
    69 | D:1      | Reached ** piety under Lugonu
   244 | D:2      | Reached XP level 2. HP: 24/29 MP: 5/5
   251 | D:2      | Noticed Jessica
   258 | D:2      | Killed Jessica
   259 | D:2      | Reached XP level 3. HP: 22/35 MP: 6/6
   371 | D:2      | Reached skill level 1 in Short Blades
   371 | D:2      | Reached skill level 1 in Axes
   371 | D:2      | Reached skill level 1 in Maces & Flails
   371 | D:2      | Reached skill level 1 in Polearms
   371 | D:2      | Reached skill level 1 in Staves
   371 | D:2      | Reached skill level 1 in Ranged Weapons
   371 | D:2      | Reached skill level 1 in Throwing
   371 | D:2      | Reached skill level 1 in Stealth
   371 | D:2      | Reached skill level 1 in Shields
   371 | D:2      | Reached skill level 1 in Unarmed Combat
   371 | D:2      | Reached skill level 1 in Spellcasting
   371 | D:2      | Reached skill level 1 in Evocations
   624 | D:3      | Identified the +5 long sword of the Dungeon {drain, rF++
                  | Int-5 Dex+3}
   668 | D:3      | HP: 1/35 [orc/+0 hand axe (6)]
   669 | D:3      | Slain by an orc

Illustrated notes

Levels and vault maps discovered:
D:1:      psy_arrival_heroes, layout_loops_cross, minmay_stone_trees_small,
          minmay_misc_feat_more_columns
D:2:      layout_basic, uniq_jessica
D:3:      layout_rooms

Skill      XL: |  1  2  3 |
---------------+----------+-----
Short Blades   | 1 |  1.0
Axes           | 1 |  1.0
Maces & Flails | 1 |  1.0
Polearms       | 1 |  1.0
Staves         | 1 |  1.0
Ranged Weapons | 1 |  1.0
Throwing       | 1 |  1.0
Stealth        | 1 |  1.0
Shields        | 1 |  1.0
Unarmed Combat | 1 |  1.0
Spellcasting   | 1 |  1.0
Evocations     | 1 |  1.0
Fighting       | |  6.5
Long Blades    | |  4.6
Armour         | |  4.6
Dodging        | |  2.6
Conjurations   | |  0.7
Hexes          | |  0.7
Summonings     | |  0.7
Necromancy     | |  0.7
Translocations | |  0.7
Transmutations | |  0.7
Fire Magic     | |  0.7
Ice Magic      | |  0.7
Air Magic      | |  0.7
Earth Magic    | |  0.7
Poison Magic   | |  0.7
Invocations    | |  4.6

Action                   || total
-------------------------++-------
Melee: Falchion          ||    15
       Bite              ||     1
       Short sword       ||    30
Invok: Depart the Abyss  ||     1
  Use: Scroll            ||     2
Armor: Leather armour    ||     7
Dodge: Dodged            ||    21
